 Dungeon Crawl Stone Soup version 0.31-a0-542-gdc2a67831c (webtiles) character file.

Game seed: 10714499496948551823

70 CraigForest the Ruffian (level 4, 0/28 HPs)
             Began as an Octopode Shapeshifter on Aug 14, 2023.
             Slain by a gnoll
             ... wielding a +0 spear
              (5 damage)
             ... on level 2 of the Dungeon.
             The game lasted 00:02:31 (1007 turns).

CraigForest the Ruffian (Octopode Shapeshifter)     Turns: 1007, Time: 00:02:33

Health: 0/28       AC:  1    Str: 16    XL:     4   Next: 21%
Magic:  4/4        EV: 13    Int: 10    God:
Gold:   51         SH:  0    Dex: 12    Spells: 3/3 levels left

rFire   . .          .
                       - Unarmed
rCold   . . .        (no shield)
rNeg    . . .        (helmet currently unavailable)
rPois   .            (no amulet)
rElec   .            (no ring)
rCorr   .            (no ring)
SInv    .            (no ring)
Will    .....        (no ring)
Stlth   +++          (no ring)
HPRegen 0.24/turn    (no ring)
MPRegen 0.09/turn    (no ring)
                     (no ring)

%: no passive effects
@: beast-form
A: beast (slay +2), almost no armour, amphibious, 8 rings, camouflage 1,
gelatinous body 1, (nimble swimmer 1), tentacles
a: Begin Untransformation


You were on level 2 of the Dungeon.
You were a hulking beast.
You visited 1 branch of the dungeon, and saw 2 of its levels.

You collected 51 gold pieces.

Inventory:

Hand Weapons
 d - a +1 dagger of venom
Armour
 j - a +1 pair of gloves
Talismans
 b - a beast talisman (active)
 c - a flux talisman
Scrolls
 e - a scroll of enchant armour {unknown}
 g - a scroll of teleportation {unknown}
 h - a scroll of amnesia {unknown}
Potions
 a - a potion of lignification
 f - a potion of haste {unknown}
 i - 2 potions of mutation {unknown}


   Skills:
 + Level 1.0 Fighting
 + Level 2.3 Dodging
 + Level 1.6 Stealth
 + Level 3.9 Unarmed Combat
 + Level 3.5 Shapeshifting


You had 3 spell levels left.
You didn't know any spells.
Your spell library contained the following spells:

 Spells                   Type           Power      Damage    Failure   Level
 Tukima's Dance           Hex            0%         N/A       75%         3
 Passage of Golubria      Tloc           0%         N/A       98%         4
 Yara's Violent Unravell  Hex/Tmut       0%         3d3       100%        5


Dungeon Overview and Level Annotations

Branches:
Dungeon (2/15)

Altars:


Innate Abilities, Weirdness & Mutations

You are a hulking beast.
Your limbs bulge with bestial killing power. (Slay +2)
You cannot wear most types of armour.
You are amphibious.
You can wear up to eight rings at the same time.
Your skin changes colour to match your surroundings (Stealth+).
Your rubbery body absorbs attacks. (AC +1, EV +1)
((You are camouflaged when in or above water. (Stealth+)))
You have tentacles for arms and can constrict up to eight enemies at once.


Message History

You open the door.
There is an open door here.
Found a stone staircase leading up.
You now have 51 gold pieces (gained 15).
Found a dagger.
No target in view!
A rat and a gnoll come into view.
Found a helmet.
The rat moves out of view. 2 gnolls come into view.
The gnoll shouts! x3
A gnoll comes into view. It is wielding a +0 spear.
The gnoll closely misses you.
The gnoll shouts!
You tentacle-slap the gnoll. You grab the gnoll.
The gnoll is lightly wounded.
You constrict the gnoll. The gnoll hits you with a +4 whip!
Ouch! That really hurt!
You tentacle-slap the gnoll. You squeeze the gnoll.
You kill the gnoll!
You have reached level 4!
The gnoll barely misses you.
You bludgeon the gnoll! You grab the gnoll.
The gnoll is severely wounded.
You constrict the gnoll. The gnoll barely misses you.
You tentacle-slap the gnoll.
You kill the gnoll!
You barely miss the rat. You grab the rat. You squeeze the rat.
The rat is moderately wounded.
You constrict the rat.
You kill the rat!
The gnoll hits you with a +0 spear.
Things that are here:
a +0 halberd; a rat corpse; a gnoll corpse You tentacle-slap the gnoll.
You grab the gnoll.
The gnoll is heavily wounded.
You constrict the gnoll.
The gnoll hits you from afar with a +0 spear.
* * * LOW HITPOINT WARNING * * *
The gnoll hits you with a +0 spear.
You die...

. ....... . ....... #
###....... . +#+
..#....... #
.....#######.#.......
#
.........hgg.+...g...
.
.....#######.#)......
.# ... #..r...... ..
. ##.############
#..# #.......
##.######.####
#...).##.# ##.....#.#
#####....#.#


You could see 2 gnolls.

Vanquished Creatures
  2 gnolls (D:2)
  An adder (D:2)
  3 dart slugs (D:1)
  3 ball pythons (D:1)
  5 endoplasms (D:1)
  2 giant cockroaches (D:1)
  A goblin (D:1)
  3 hobgoblins (D:1)
  4 jackals (D:1)
  5 kobolds
  A quokka (D:1)
  A bat (D:1)
  2 rats
33 creatures vanquished.

Notes
Turn   | Place    | Note
-------+----------+-------------------------------------------
     0 | D:1      | CraigForest the Octopode Shapeshifter began the quest for
                  | the Orb.
     0 | D:1      | Reached XP level 1. HP: 13/13 MP: 1/1
    49 | D:1      | Reached XP level 2. HP: 18/18 MP: 2/2
   372 | D:1      | Reached XP level 3. HP: 22/23 MP: 3/3
   544 | D:1      | Reached skill level 1 in Stealth
   996 | D:2      | Reached XP level 4. HP: 10/28 MP: 4/4
  1007 | D:2      | Slain by a gnoll

Illustrated notes

Levels and vault maps discovered:
D:1:      amcnicky_arrival_single_pillar, layout_basic
D:2:      kennysheep_the_goblin_king, layout_basic, minmay_ruptured

Skill      XL: |  1  2  3 |
---------------+----------+-----
Stealth        | 1 |  1.6
Fighting       | |  1.0
Dodging        | |  2.3
Unarmed Combat | |  3.9
Shapeshifting  | |  3.5

Action                     |  1- 3 |  4- 6 || total
---------------------------+-------+-------++-------
  Melee: Unarmed           |    59 |     4 ||    63
         Constrict         |    17 |     3 ||    20
         Tentacles         |    10 |     1 ||    11
   Stab: Sleeping          |     3 |       ||     3
 Armour: Skin              |     4 |       ||     4
  Dodge: Dodged            |    40 |     2 ||    42

Table legend: (Time is in decaauts)
 A = Elapsed time spent in this place.
 B = Non-inter-level travel time spent in this place.
 C = Inter-level travel time spent in this place.
 D = Time resting spent in this place.
 E = Time spent auto-exploring this place.
 F = Levels seen in this place.
 G = Mean time per level.
                   A        B        C        D        E       F      G
               +--------+--------+--------+--------+--------+-----+--------+
         Total |   1003 |    982 |     21 |      0 |    771 |   2 |  501.5 |
       Dungeon |   1003 |    982 |     21 |      0 |    771 |   2 |  501.5 |
               +--------+--------+--------+--------+--------+-----+--------+

Top non-repeatable levels by time:
     D:1: 808 daAuts
     D:2: 195 daAuts
